 Dungeon Crawl Stone Soup version 0.21-a0-509-gecc5317 (webtiles) character file.

26 dvd the Shield-Bearer (level 2, -1/29 HPs)
             Began as a Troll Fighter on Nov 30, 2017.
             Slain by an adder (3 damage)
             ... on level 3 of the Dungeon.
             The game lasted 00:02:27 (972 turns).

dvd the Shield-Bearer (Troll Fighter)                Turns: 972, Time: 00:02:28

Health: -1/29      AC:  6    Str: 23    XL:     2   Next: 89%
Magic:  1/1        EV:  8    Int:  4    God:
Gold:   49         SH:  8    Dex:  9    Spells: 1/1 levels left

rFire    . . .     SeeInvis .   a - +0 war axe
rCold    . . .     Gourm    +   c - +0 shield
rNeg     . . .     Faith    .   b - +0 robe
rPois    .         Spirit   .   (helmet restricted)
rElec    .         Reflect  .   m - +0 cloak
rCorr    .         Harm     .   (gloves unavailable)
MR       .....                  (boots unavailable)
Stlth    ..........             (no amulet)
HPRegen  0.49/turn              h - ring of loudness (curse)
MPRegen  0.07/turn              (no ring)

@: no status effects
A: large, unfitting armour, claws 3, fast metabolism 3, gourmand, regeneration
1, shaggy fur 1, tough skin 2
a: no special abilities


You were on level 3 of the Dungeon.
You were hungry.

You visited 1 branch of the dungeon, and saw 3 of its levels.

You collected 49 gold pieces.

Inventory:

Hand Weapons
 a - a +0 war axe (weapon)
Missiles
 i - 4 large rocks (quivered)
Armour
 b - a +0 robe (worn)
 c - a +0 shield (worn)
 m - a +0 cloak (worn)
Jewellery
 h - a cursed ring of loudness (left claw)
Scrolls
 e - a scroll of remove curse {unknown}
 l - 2 scrolls of identify {unknown}
Potions
 d - a potion of might
Comestibles
 f - 3 bread rations
 j - a meat ration
 k - a royal jelly


   Skills:
 + Level 2.6 Fighting
 + Level 2.0 Axes
 + Level 2.6 Dodging
 + Level 2.7 Shields


You had one spell level left.
You didn't know any spells.

Dungeon Overview and Level Annotations

Branches:
Dungeon (3/15)

Altars:

Annotations:
D:2 Sigmund
D:3 Terence


Innate Abilities, Weirdness & Mutations

You are too large for most types of armour.
You have claws for hands.
Your metabolism is lightning-fast.
You like to eat raw meat.
Your natural rate of healing is unusually fast.
You are covered in fur. (AC +1)
You have very tough skin. (AC +2)


Message History

In your confused state, you trip and fall down the stairs.
* * * LOW HITPOINT WARNING * * *
You climb downwards.
An adder, an ooze and an orc come into view.
The orc shouts!
The adder hisses angrily.
The ooze quivers.
You hear an angry hiss.
Found a stone staircase leading up.
There is a stone staircase leading up here.
Unknown command.
It was a potion of curing.
You feel better. Terence hits you with a flail!
* * * LOW HITPOINT WARNING * * *
The orc throws a tomahawk of returning.
The tomahawk of returning barely misses you.
An adder comes into view.
Unknown command.
You slash Terence!
Terence is almost dead.
Terence closely misses you. The adder bites you.
You die...

#...<
#.... #
#....##
#.#.....#
...J....#
#.....#
#.#.....#
...S..@@#
##....S.#
#......#
K..o#####
.#. #


You could see Terence, an ooze, 2 adders, an orc and a kobold (wandering).

Vanquished Creatures
  3 leopard geckos
  A giant cockroach (D:1)
  3 goblins
  A hobgoblin (D:1)
  3 bats (D:1)
  2 frilled lizards (D:1)
  6 kobolds (D:1)
  3 rats (D:1)
22 creatures vanquished.

Notes
Turn   | Place    | Note
-------+----------+-------------------------------------------
     0 | D:1      | dvd the Troll Fighter began the quest for the Orb.
     0 | D:1      | Reached XP level 1. HP: 22/22 MP: 0/0
   258 | D:1      | Reached XP level 2. HP: 25/29 MP: 1/1
   896 | D:2      | Noticed Sigmund
   948 | D:2      | Noticed Terence
   970 | D:3      | HP: 1/29 [fell downstairs (1)]
   972 | D:3      | Slain by an adder

Vault maps used:
D:1:      dpeg_arrival_long_road
D:2:      nemelex_xobeh_ov_fountains_minmay, old_standard_altar, uniq_terence,
          uniq_sigmund
D:3:      grunt_temple_overflow_order_and_chaos_2, st_stairs_3,
          hangedman_decor_clover_reticule

Skill      XL: |  1  2 |
---------------+-------+-----
Axes           | 2 |  2.0
Fighting       | |  2.6
Dodging        | |  2.6
Shields        | |  2.7

Action                   || total
-------------------------++-------
Melee: War axe           ||    87
Throw: Large rock        ||     3
  Use: Potion            ||     1
  Eat: Chunk             ||     6
Armor: Robe              ||    67
Dodge: Dodged            ||    46
Block: Shield            ||    62

Table legend:
 A = Spawn XP
 B = Non-spawn XP
 C = Spawn XP percentage of total XP
 D = Spawn monster count
 E = Non-spawn monster count
 F = Spawn count percentage of total count
 G = Total turns spent on level
                    A         B        C        D         E        F      G
               +---------+---------+-------+---------+---------+-------+---------
         Total |       0 |      38 |   0.0 |       0 |      22 |   0.0 |   972
               +---------+---------+-------+---------+---------+-------+---------
           D:1 |       0 |      33 |   0.0 |       0 |      20 |   0.0 |   931
           D:2 |       0 |       5 |   0.0 |       0 |       2 |   0.0 |    39
               +---------+---------+-------+---------+---------+-------+---------
